Map: Port Aleksander LE

Players

UnitNULL - Winner!

  • Race: Terran Terran
  • League: Diamond
  • Spawn Location: 5:00

angelcake

  • Race: Zerg Zerg
  • League: Platinum
  • Spawn Location: 11:00

VOD

Have the link to the VOD?

Description

Time

  • Played on: Feb. 16, 2019, 10:31 a.m.
  • Length: 18:44
Show
View Real Time Build Order
Export as new Build Order

UnitNULL Terran - Winner!

Build Orders: Mech 

Get SALT Encoding   

  12  0:02  SCV  
  13  0:14  SCV  
  13  0:20  Supply Depot  
  14  0:27  SCV  
  15  0:37  Refinery  
  15  0:41  SCV  
  16  0:50  Barracks  
  16  0:53  SCV  
  17  1:05  SCV  
  18  1:17  SCV  
  19  1:30  SCV  
  20  1:42  Bunker, Marine  
  21  1:50  SCV  
  22  1:57  Command Center  
  22  2:03  Factory  
  22  2:04  SCV  
  23  2:17  Refinery  
  23  2:22  Orbital Command  
  23  2:59  Factory Tech Lab  
  23  3:03  Refinery  
  23  3:09  SCV, Marine  
  25  3:13  Supply Depot  
  25  3:15  Starport  
  25  3:16  Orbital Command  
  25  3:19  Refinery  
  25  3:21  SCV  
  25  3:26  Marine  
  27  3:37  SCV  
  28  3:46  Armory  
  28  3:49  Siege Tank, SCV  
  28  3:51  SCV  
  33  4:01  SCV  
  34  4:04  Factory  
  34  4:11  Viking  
  34  4:15  SCV, Supply Depot  
  37  4:26  Bunker  
  37  4:27  Marine  
  38  4:36  Terran Vehicle And Ship Armor Level 1  
  38  4:38  SCV  
  39  4:40  SCV  
  40  4:54  SCV  
  40  4:55  SCV  
  42  5:10  Thor  
  48  5:15  Factory Tech Lab  
  48  5:20  Engineering Bay, SCV  
  48  5:21  SCV  
  50  5:38  Starport Tech Lab  
  50  5:52  SCV  
  50  5:53  SCV  
  51  6:02  Supply Depot  
  51  6:03  Supply Depot  
  51  6:04  Missile Turret  
  51  6:06  Supply Depot  
  51  6:12  Thor  
  51  6:18  Missile Turret  
  51  6:23  Thor  
  51  6:24  SCV x2  
  59  6:39  SCV x2  
  61  6:42  Factory  
  61  6:43  Factory  
  61  6:54  Missile Turret, SCV x2  
  61  6:55  Siege Tank  
  66  7:09  Raven  
  66  7:11  Thor, Command Center  
  74  7:25  SCV  
  74  7:26  SCV, Supply Depot  
  74  7:29  Factory Tech Lab  
  76  7:30  Factory Tech Lab  
  76  7:37  Terran Vehicle And Ship Armor Level 2  
  76  7:46  Missile Turret  
  76  7:48  Thor  
  76  7:50  Supply Depot  
  82  8:05  Siege Tank  
  85  8:11  Thor, SCV x2  
  85  8:12  Supply Depot  
  93  8:13  Supply Depot  
  93  8:15  Supply Depot  
  93  8:22  Thor  
  99  8:35  Supply Depot  
  99  8:47  Thor x2  
  111  9:07  Command Center  
  111  9:11  Thor x2  
  111  9:14  SCV x2  
  125  9:26  SCV x2  
  128  9:38  SCV  
  128  9:39  SCV  
  128  9:42  Planetary Fortress  
  129  9:48  Missile Turret  
  129  9:50  SCV  
  129  9:51  SCV  
  131  9:53  Thor  
  137  10:09  Missile Turret  
  137  10:13  Supply Depot  
  137  10:14  Supply Depot  
  137  10:15  Terran Vehicle And Ship Armor Level 3  
  137  10:18  Thor  
  137  10:21  SCV x3  
  146  10:30  Refinery  
  146  10:33  SCV x2  
  146  10:35  Orbital Command  
  148  10:37  Supply Depot  
  148  10:41  Siege Tank x2  
  154  10:53  Refinery  
  154  11:00  Thor  
  160  11:12  Thor  
  166  11:21  Command Center  
  166  11:39  Thor x2  
  178  11:54  Armory  
  178  12:14  SCV  
  179  12:33  Thor x3  
  179  12:34  Command Center  
  197  12:50  Missile Turret x2  
  197  12:51  Missile Turret  
  196  12:59  Neosteel Armor  
  194  13:20  Thor  
  200  13:49  Terran Vehicle Weapons Level 1  
  200  13:50  Terran Ship Weapons Level 1  
  180  14:39  Hi-Sec Auto Tracking  
  180  14:46  Thor x3  
  198  15:06  Planetary Fortress  
  198  15:35  Raven  
  198  15:42  Refinery  
  200  15:43  Refinery  
  200  15:45  Missile Turret  
  200  15:46  Missile Turret  
  200  16:06  Planetary Fortress, Missile Turret  
  200  16:07  Missile Turret x2  
  200  16:11  Missile Turret  
  200  16:28  Missile Turret  
  200  16:30  Missile Turret  
  188  17:55  Raven  
Show
View Real Time Build Order
Export as new Build Order

angelcake Zerg 

Build Orders: Hatch First, Roach Hydra, Swarm Host 

Get SALT Encoding   

  12  0:01  Drone  
  13  0:13  Overlord  
  13  0:18  Drone  
  14  0:31  Drone x2  
  16  0:51  Hatchery  
  16  0:53  Drone  
  16  0:57  Drone  
  16  1:01  Drone  
  18  1:14  Extractor  
  18  1:18  Spawning Pool  
  16  1:20  Drone  
  16  1:23  Drone  
  18  1:28  Drone  
  19  1:38  Overlord  
  19  1:50  Drone  
  20  2:05  Queen  
  20  2:07  Queen  
  24  2:08  Zergling x2  
  24  2:10  Zergling x2  
  26  2:17  Metabolic Boost  
  26  2:22  Drone x3  
  29  2:25  Overlord  
  29  2:33  Drone  
  30  2:57  Hatchery  
  29  3:00  Queen  
  29  3:01  Drone x3  
  34  3:06  Overlord  
  34  3:07  Drone  
  34  3:09  Drone  
  37  3:12  Drone  
  37  3:21  Drone x4  
  41  3:27  Overlord  
  41  3:36  Drone  
  41  3:37  Drone x3  
  45  3:51  Extractor  
  45  3:52  Roach Warren  
  45  3:53  Extractor  
  42  4:04  Drone x2  
  42  4:05  Drone x2  
  42  4:06  Overlord  
  46  4:10  Overlord  
  46  4:37  Spore Crawler  
  45  4:39  Spore Crawler  
  45  4:45  Roach, Spore Crawler  
  45  4:46  Roach x7  
  45  4:47  Roach  
  45  4:49  Overlord  
  45  4:51  Lair  
  61  5:12  Ravager  
  62  5:23  Drone x4  
  62  5:24  Drone x6  
  62  5:25  Drone x3  
  75  5:42  Spine Crawler  
  74  5:54  Zergling x16  
  82  5:59  Glial Reconstitution  
  64  6:21  Roach x6  
  64  6:22  Roach x3  
  64  6:25  Overlord x2  
  82  6:40  Extractor  
  82  6:42  Extractor  
  82  6:45  Ravager x3, Spine Crawler  
  82  6:54  Hydralisk Den  
  82  6:56  Evolution Chamber  
  82  6:59  Drone x9  
  82  7:00  Drone x4  
  93  7:05  Drone  
  94  7:10  Queen x2  
  98  7:21  Overseer  
  98  7:23  Zerg Missile Weapons Level 1  
  98  7:26  Muscular Augments  
  98  7:33  Overlord  
  98  7:34  Overlord x2  
  98  7:52  Hatchery  
  98  7:54  Hydralisk x4  
  98  7:55  Hydralisk x5  
  115  8:20  Spine Crawler  
  115  8:22  Ravager x5, Spine Crawler  
  118  8:37  Grooved Spines  
  118  8:40  Overlord x3  
  118  8:59  Extractor  
  118  9:00  Extractor  
  116  9:15  Queen  
  118  9:17  Roach x3, Zerg Ground Armor Level 1  
  118  9:18  Roach x4, Hydralisk x2, Overlord x3  
  118  9:19  Hydralisk  
  138  9:30  Spine Crawler x2  
  136  9:33  Spore Crawler  
  135  9:40  Pneumatized Carapace, Spore Crawler, Infestation Pit  
  133  9:49  Infestation Pit  
  132  9:53  Burrow  
  134  10:14  Drone x6  
  134  10:15  Drone x9  
  147  10:27  Pathogen Glands  
  148  10:35  Spire  
  147  10:43  Ravager x2  
  147  10:45  Roach x2  
  147  10:46  Roach x7, Overlord x2  
  167  10:51  Swarm Host x3  
  167  10:55  Overlord  
  167  10:56  Overlord x2  
  176  11:01  Spore Crawler  
  175  11:24  Zerg Missile Weapons Level 2  
  175  11:30  Hive  
  175  11:32  Evolution Chamber  
  175  11:35  Zergling x4  
  175  11:36  Zergling x10  
  175  11:38  Overlord x2  
  182  11:47  Ravager  
  182  11:48  Ravager x6  
  182  11:52  Zerg Flyer Weapons Level 1  
  182  11:53  Corruptor x6  
  200  12:27  Baneling Nest  
  199  12:51  Zerg Ground Armor Level 2  
  164  13:25  Swarm Host x8  
  164  13:26  Swarm Host x3  
  197  13:40  Zerg Melee Weapons Level 1  
  197  13:43  Overlord  
  197  13:44  Overlord x4  
  161  14:09  Roach x2  
  106  14:10  Roach x8  
  106  14:11  Roach x5  
  115  14:18  Greater Spire  
  113  14:25  Corruptor x2  
  113  14:26  Corruptor x5  
  81  14:50  Zergling x2  
  81  14:51  Zergling x16  
  88  15:05  Corruptor x5  
  73  15:29  Roach x5  
  73  15:30  Roach x2  
  73  15:31  Brood Lord  
  73  15:32  Brood Lord x2  
  73  15:34  Zerg Missile Weapons Level 3  
  93  15:38  Brood Lord  
  95  15:54  Hatchery  
  92  16:18  Brood Lord  
  87  16:40  Brood Lord  
  87  16:41  Roach x4  
  87  16:42  Roach x2  
  63  17:09  Drone x7  
  43  17:34  Roach x5  
  43  17:35  Roach x2  
  11  18:16  Spine Crawler  
  11  18:18  Spine Crawler  
Tags
 
Add a new tag
Caveats
  • Supply blocks, unpowered buildings, or Contaminate may cause inaccurate times.
  • Supply counts are checked every 10 seconds.